 Dungeon Crawl Stone Soup version 0.19-b1-3-g7dea586 (webtiles) character file.

52264 Goblin1989 the Impaler (level 14, -18/114 HPs)
             Began as a Minotaur Monk on Oct 29, 2016.
             Was a High Priest of Hepliaklqana.
             Demolished by a death yak (20 damage)
             ... on level 6 of the Lair of Beasts on Oct 30, 2016.
             The game lasted 01:06:55 (20101 turns).

Goblin1989 the Impaler (Minotaur Monk)             Turns: 20101, Time: 01:06:56

Health: -18/114    AC: 19    Str: 16    XL:     14   Next: 26%
Magic:  20/20      EV: 13    Int: 11    God:    Hepliaklqana [*****.]
Gold:   1410       SH:  0    Dex: 22    Spells: 0 memorised, 13 levels left

rFire  . . .     SeeInvis +     a - +1 halberd (freeze)
rCold  . . .     Gourm    .     D - +1 plate armour
rNeg   . . .     Faith    .     (shield currently unavailable)
rPois  +         Spirit   .     (helmet restricted)
rElec  .         Reflect  .     (no cloak)
rCorr  .         Harm     .     u - +0 pair of gloves
MR     ++...                    r - +0 pair of boots {run}
Stlth  ..........               M - amulet of magic regeneration
                                d - ring of the Mutiny {MR+ Str-4 Int+4 Dex+8 SInv}
                                o - ring of poison resistance

@: quick
A: retaliatory headbutt, reduced essence, horns 2
a: Recall Ancestor, Ancestor Identity, Transference, Idealise, Renounce Religion


You were on level 6 of the Lair of Beasts.
You worshipped Hepliaklqana.
Hepliaklqana was extremely pleased with you.
You were hungry.

You visited 3 branches of the dungeon, and saw 19 of its levels.
You also visited: Ossuary.

You collected 1410 gold pieces.

Inventory:

Hand Weapons
 a - a +1 halberd of freezing (weapon)
 b - a +1 demon trident of venom
 f - the +8 battleaxe "Owkeh" {elec, rF+ rC+, unknown}
   (You found it on level 12 of the Dungeon)

   Occasionally, upon striking a foe, it will discharge some electrical energy
   and cause terrible harm.
   It protects you from fire.
   It protects you from cold.
Missiles
 i - 5 needles of sleeping
 Z - 4 throwing nets {=f, !d}
Armour
 r - a +0 pair of boots of running (worn)
 u - a +0 pair of gloves (worn)
 D - a +1 plate armour (worn)
Jewellery
 d - the ring of the Mutiny (right hand) {MR+ Str-4 Int+4 Dex+8 SInv}
   (You found it on level 3 of the Lair of Beasts)

   [ring of protection from magic]

   It affects your strength (-4).
   It affects your intelligence (+4).
   It affects your dexterity (+8).
   It affects your resistance to hostile enchantments.
   It lets you see invisible.
 o - a ring of poison resistance (left hand)
 t - a +2 ring of dexterity {unknown}
 M - an amulet of magic regeneration (around neck)
Wands
 m - a wand of disintegration (16/24)
 y - a wand of teleportation (3/9) {!v, @v4}
 C - a wand of confusion (10/48)
 G - a wand of hasting (3/9) {!v, @v3}
 I - a wand of iceblast (9/15)
 L - a wand of lightning (4/15)
 O - a wand of slowing (20/48)
 P - a wand of iceblast (6/15)
 S - a wand of teleportation (6/9) {!v, @v4}
Scrolls
 e - 2 scrolls of immolation {!r}
 g - a scroll of enchant weapon
 j - 3 scrolls of fog
 n - 3 scrolls of recharging
 x - a scroll of fear
 B - 2 scrolls of blinking
 E - a scroll of holy word
 H - 3 scrolls of brand weapon
 J - 2 scrolls of noise {!r}
 N - a scroll of enchant armour
 R - 2 scrolls of identify {@r1}
 T - 5 scrolls of teleportation {!r, @r4}
Potions
 h - a potion of agility
 l - a potion of cure mutation
 p - a potion of ambrosia
 q - a potion of cancellation
 s - a potion of brilliance
 w - 3 potions of berserk rage {!q}
 z - 12 potions of curing {@q1}
 A - 3 potions of magic
 K - 2 potions of resistance
 Q - a potion of heal wounds {!q, @q2}
 U - 2 potions of experience {unknown}
Comestibles
 c - 11 bread rations {@e1}
 k - 8 meat rations {@e2}
 v - 7 beef jerkies
 F - 14 fruits
 V - a chunk of flesh {@w0}
 Y - 11 royal jellies


   Skills:
 + Level 12.6 Fighting
 * Level 17.0 Polearms
 + Level 12.3 Armour
 + Level 12.2 Dodging
 - Level 1.5 Stealth
 + Level 9.4 Invocations


You had 13 spell levels left.
You didn't know any spells.

Dungeon Overview and Level Annotations

Branches:
Dungeon (12/15)            Temple (1/1) D:4            Lair (6/6) D:8
 Shoals (0/4) Lair:3        Snake (0/4) Lair:4        Slime (0/5) Lair:5
    Orc: D:9-12

Altars:
Ashenzari
Cheibriados
Dithmenos
Elyvilon
Fedhas
Gozag
Hepliaklqana
Kikubaaqudgha
Makhleb
Nemelex Xobeh
Okawaru
Qazlal
Ru
Trog
Uskayaw
Vehumet
Xom
Yredelemnul
Zin
The Shining One
Jiyva

Annotations:
D:4 1 runed door


Innate Abilities, Weirdness & Mutations

You reflexively headbutt those who attack you in melee.
You have a pair of horns on your head.
Your life essence is reduced. (-10% HP)


Message History

The hippogriff pecks you but does no damage.
The hippogriff barely misses you.
Unknown command.
You slash the elephant! You freeze the elephant. You headbutt the elephant.
The elephant is almost dead.
The elephant tramples you but does no damage.
The elephant barely misses you.
The death yak gores you but does no damage.
Unknown command.
You hit the elephant but do no damage. You headbutt the elephant.
The elephant is almost dead.
The hippogriff bites you.
* * * LOW HITPOINT WARNING * * *
The hippogriff pecks you.
* * * LOW HITPOINT WARNING * * *
The hippogriff claws you.
* * * LOW HITPOINT WARNING * * *
The elephant barely misses you. The elephant closely misses you.
The death yak gores you!!
You die...

.......?.
........ ......█
█.....█ ██P...██
. █..Y...██.. .
█RY...)... ...
██YY..█.██ █.█.
█@HY.██.██
██..███Y.†..█.███
.P.P.....<.......
......$..........
...............♣♣
...........♣♣♣♣♣
...........♣
♣♣♣......♣♣♣
♣.......♣


You could see 2 death yaks, 2 elephants, a hippogriff and 2 yaks.

Vanquished Creatures
  A dire elephant (Lair:2)
  Snorg (Lair:4)
  Harold (Lair:1)
  A catoblepas (Lair:3)
  2 hydras (Lair:5)
  11 death yaks
  The ghost of p0werm0de the Fighter, a novice DsAs of Trog (D:10)
  An unseen horror (D:11)
  A hill giant (D:11)
  A lindwurm (Lair:5)
  An ugly thing (D:12)
  2 manticores
  19 elephants
  3 black mambas
  A torpor snail (Lair:2)
  7 spiny frogs
  3 komodo dragons
  3 rime drakes
  A polar bear (Lair:3)
  4 trolls
  A hornet (D:9)
  7 hippogriffs
  11 blink frogs
  A spriggan (Lair:2)
  A wraith (D:11)
  13 yaks
  A hungry ghost (D:11)
  2 basilisks
  6 soldier ants (D:9)
  A mottled dragon (Lair:5)
  3 nagas (Lair:4)
  6 porcupines
  5 water moccasins
  2 sky beasts
  2 black bears
  4 orc warriors
  An ice beast (D:8)
  8 wolves
  A necrophage (D:11)
  4 ogres
  4 centaurs
  8 crocodiles
  19 bullfrogs
  3 scorpions
  3 killer bees (D:7)
  15 wights
  7 howler monkeys
  4 jellies
  5 crimson imps
  A lava snake (Lair:5)
  2 centaur zombies
  A hound (D:5)
  6 orc priests
  A quasit (D:10)
  3 bullfrog skeletons
  2 gnoll shamans
  7 orc wizards
  2 iguanas (D:8)
  20 worker ants
  A hound zombie (D:5)
  5 mummies (Ossuary)
  A worker ant zombie (D:9)
  12 gnolls
  8 adders
  3 shadow imps
  An adder skeleton (D:4)
  4 worms
  3 dart slugs
  5 leopard geckos
  29 orcs
  2 ball pythons
  5 giant cockroaches
  8 goblins
  9 hobgoblins
  10 jackals
  5 kobolds
  4 quokkas
  10 bats
  2 frilled lizards
  A gnoll zombie (Ossuary)
  2 hobgoblin zombies (Ossuary)
  A kobold zombie (D:4)
  A leopard gecko skeleton (D:8)
  An orc zombie (Ossuary)
  7 rats
398 creatures vanquished.

Vanquished Creatures (collateral kills)
  Nessos (Lair:4)
  A hydra (Lair:3)
  A queen ant (D:9)
  A death yak (Lair:4)
  An ugly thing (D:12)
  4 elephants (Lair:2)
  A gargoyle (D:11)
  2 spiny frogs
  2 komodo dragons
  A troll (D:9)
  A two-headed ogre (D:8)
  3 blink frogs
  A vampire (D:10)
  A wyvern (Lair:1)
  6 yaks
  5 soldier ants
  A water moccasin (Lair:2)
  3 orc warriors
  A wolf (Lair:5)
  5 centaurs
  2 crocodiles
  3 bullfrogs
  A wyvern skeleton (D:6)
  A killer bee (D:8)
  2 howler monkeys
  A crimson imp (D:9)
  A jelly (D:5)
  An orc priest (D:6)
  An iguana (D:11)
  An orc wizard (D:9)
  6 worker ants
  A hound skeleton (D:6)
  4 mummies
  A worker ant zombie (D:7)
  3 gnolls
  8 orcs
  A frilled lizard (D:5)
  A gnoll zombie (Ossuary)
  3 kobold zombies (Ossuary)
  A butterfly (Lair:4)
  A fungus (Lair:2)
86 creatures vanquished.

Vanquished Creatures (others)
  10 knights
  72 fungi
  40 plants
122 creatures vanquished.

Grand Total: 606 creatures vanquished

Notes
Turn   | Place    | Note
-------+----------+-------------------------------------------
     0 | D:1      | Goblin1989 the Minotaur Monk began the quest for the Orb.
     0 | D:1      | Reached XP level 1. HP: 19/19 MP: 0/0
    36 | D:1      | Reached skill level 4 in Polearms
    92 | D:1      | Reached XP level 2. HP: 23/26 MP: 1/1
   615 | D:2      | Reached XP level 3. HP: 30/33 MP: 2/2
   645 | D:2      | Reached skill level 1 in Armour
   753 | D:2      | Found an iron altar of Okawaru.
   817 | D:2      | Reached skill level 5 in Polearms
   817 | D:2      | Reached XP level 4. HP: 30/40 MP: 3/3
  1625 | D:2      | Reached XP level 5. HP: 44/47 MP: 4/4
  2575 | D:4      | Found a staircase to the Ecumenical Temple.
  2584 | D:4      | Reached skill level 6 in Polearms
  2590 | Temple   | Entered the Ecumenical Temple
  2620 | Temple   | Became a worshipper of Hepliaklqana the Forgotten
  2620 | Temple   | Reached * piety under Hepliaklqana
  2620 | Temple   | Reached ** piety under Hepliaklqana
  2621 | Temple   | Remembered your ancestor Septimus as a knight
  2649 | D:4      | Found a sand-covered staircase.
  2656 | D:4      | Reached XP level 6. HP: 8/47 MP: 5/5
  2662 | Ossuary  | Entered an ossuary
  3434 | D:4      | Found a stormy altar of Qazlal.
  3557 | D:4      | Reached skill level 5 in Fighting
  3827 | D:4      | Found a runed door.
  3846 | D:5      | Entered Level 5 of the Dungeon
  3969 | D:5      | Reached XP level 7. HP: 49/54 MP: 6/6
  3984 | D:5      | Reached skill level 5 in Dodging
  3988 | D:5      | Reached skill level 7 in Polearms
  4287 | D:5      | Reached *** piety under Hepliaklqana
  4479 | D:5      | Found a sparkling altar of Nemelex Xobeh.
  4648 | D:6      | Reached skill level 1 in Invocations
  4839 | D:6      | Reached skill level 8 in Polearms
  4839 | D:6      | Reached XP level 8. HP: 59/63 MP: 7/7
  4939 | D:6      | Found a burning altar of Makhleb.
  4943 | D:6      | Found an opulent altar of Gozag.
  5278 | D:6      | Found an ancient bone altar of Kikubaaqudgha.
  5352 | D:6      | Reached skill level 5 in Armour
  5789 | D:7      | Reached skill level 9 in Polearms
  5840 | D:7      | Reached **** piety under Hepliaklqana
  6049 | D:7      | Noticed a hippogriff
  6056 | D:7      | Killed a hippogriff
  6114 | D:7      | Reached XP level 9. HP: 70/70 MP: 10/10
  6705 | D:8      | Reached skill level 10 in Polearms
  6830 | D:8      | Found a bloodstained altar of Trog.
  6874 | D:8      | Found a blossoming altar of Fedhas.
  6958 | D:8      | Noticed a komodo dragon
  6968 | D:8      | Killed a komodo dragon
  7171 | D:8      | Found a staircase to the Lair.
  7244 | D:8      | Found a faded altar of an unknown god.
  7244 | D:8      | Found a faded altar of an unknown god.
  7249 | D:8      | Found a faded altar of an unknown god.
  7251 | D:8      | Found a glowing golden altar of the Shining One.
  7253 | D:8      | Found a faded altar of an unknown god.
  7313 | D:8      | Found a snail-covered altar of Cheibriados.
  7360 | D:8      | Got a colourful robe
  7634 | D:9      | Noticed a queen ant
  7647 | D:9      | Killed a queen ant
  7647 | D:9      | Reached skill level 11 in Polearms
  7647 | D:9      | Reached XP level 10. HP: 51/79 MP: 8/12
  7852 | Lair:1   | Entered Level 1 of the Lair of Beasts
  7852 | Lair:1   | Noticed a spiny frog
  7859 | Lair:1   | Killed a spiny frog
  8217 | Lair:1   | Noticed Harold
  8237 | Lair:1   | Killed Harold
  8237 | Lair:1   | Reached skill level 5 in Invocations
  8320 | Lair:1   | Reached skill level 12 in Polearms
  8963 | Lair:2   | Noticed a black mamba
  8967 | Lair:2   | Killed a black mamba
  8975 | Lair:2   | Reached XP level 11. HP: 83/87 MP: 14/14
  9531 | Lair:2   | Noticed a death yak
  9533 | Lair:2   | Noticed a death yak
  9541 | Lair:2   | Killed a death yak
  9541 | Lair:2   | Reached skill level 13 in Polearms
  9545 | Lair:2   | Killed a death yak
  9673 | Lair:2   | Reached skill level 10 in Fighting
  9907 | Lair:2   | Noticed a dire elephant
  9942 | Lair:2   | Killed a dire elephant
 10037 | Lair:2   | Reached skill level 10 in Dodging
 10167 | Lair:2   | Got a faintly humming ring mail
 10178 | Lair:2   | Identified the +4 ring mail of the Spheres {Int+4} (You found it on level 2 of the Lair of Beasts)
 10188 | Lair:2   | Identified the cursed +1 robe of the Swamp {rPois rCorr Str-4} (You found it on level 8 of the Dungeon)
 10298 | Lair:2   | Reached XP level 12. HP: 96/96 MP: 16/16
 10610 | Lair:2   | Reached skill level 14 in Polearms
 10836 | Lair:3   | Got a crude marble ring
 10838 | Lair:3   | Identified the ring of the Mutiny {MR+ Str-4 Int+4 Dex+8 SInv} (You found it on level 3 of the Lair of Beasts)
 10890 | Lair:3   | Reached skill level 10 in Armour
 10932 | Lair:3   | Found a staircase to the Shoals.
 10954 | Lair:3   | Noticed a catoblepas
 10979 | Lair:3   | Killed a catoblepas
 11630 | Lair:3   | Identified a +0 pair of boots of running (You found it on level 3 of the Lair of Beasts)
 11742 | Lair:3   | Reached ***** piety under Hepliaklqana
 13339 | D:10     | Entered Level 10 of the Dungeon
 13439 | D:10     | Reached skill level 15 in Polearms
 13444 | D:10     | Noticed p0werm0de's ghost (novice DsAs)
 13453 | D:10     | Killed p0werm0de's ghost
 14682 | D:11     | Reached XP level 13. HP: 98/104 MP: 18/18
 16233 | D:12     | Got a crude battleaxe
 17139 | Lair:4   | Found a staircase to the Snake Pit.
 17196 | Lair:3   | Reached skill level 16 in Polearms
 17416 | Lair:4   | Noticed Nessos
 17451 | Lair:4   | Killed Nessos
 17724 | Lair:4   | Noticed Snorg
 17739 | Lair:4   | Killed Snorg
 18882 | Lair:5   | Reached ****** piety under Hepliaklqana
 19216 | Lair:5   | Reached XP level 14. HP: 114/114 MP: 19/19
 19460 | Lair:5   | Found a viscous altar of Jiyva.
 19461 | Lair:5   | Found a staircase to the Slime Pits.
 19729 | Lair:6   | Entered Level 6 of the Lair of Beasts
 20094 | Lair:6   | Reached skill level 17 in Polearms
 20101 | Lair:6   | HP: 2/114 [hippogriff (4)]
 20101 | Lair:6   | Demolished by a death yak

Skill      XL: |  1  2  3  4  5  6  7  8  9 10 11 12 13 14 |
---------------+-------------------------------------------+-----
Polearms       | 4 5 6 8 9 11 12 13 15 16 17 | 17.0
Armour         | 1 2 3 4 5 7 8 9 10 12 | 12.3
Fighting       | 4 5 6 8 9 10 11 12 | 12.6
Dodging        | 4 5 6 7 8 10 11 12 | 12.2
Invocations    | 1 2 4 5 7 8 9 |  9.4
Stealth        | |  1.5

Action                   |  1- 3 |  4- 6 |  7- 9 | 10-12 | 13-15 || total
-------------------------+-------+-------+-------+-------+-------++-------
Melee: Spear             |    95 |    47 |       |       |       ||   142
       Headbutt          |     9 |    22 |    47 |   132 |   113 ||   323
       Halberd           |       |   150 |   269 |   621 |   480 ||  1520
       Demon trident     |       |       |       |       |    12 ||    12
Invok: Ancestor Life: Kn |       |     1 |       |       |       ||     1
       Recall Ancestor   |       |       |     2 |     7 |    13 ||    22
       Idealise          |       |       |     1 |     3 |     5 ||     9
Evoke: Wand              |       |       |       |       |     3 ||     3
  Use: Potion            |       |       |     4 |     2 |     4 ||    10
       Scroll            |       |       |       |    25 |     5 ||    30
 Stab: Sleeping          |     5 |     2 |       |     9 |     2 ||    18
       Distracted        |       |       |     4 |     8 |     3 ||    15
  Eat: Chunk             |       |     7 |    13 |    22 |    15 ||    57
       Royal jelly       |       |     1 |       |       |       ||     1
       Pizza             |       |       |       |       |     1 ||     1
Armor: Robe              |     1 |       |       |    18 |     6 ||    25
       Ring mail         |    11 |    34 |       |       |       ||    45
       Plate armour      |       |    14 |   108 |    78 |   120 ||   320
Dodge: Dodged            |    37 |   100 |    88 |   279 |   188 ||   692

Vault maps used:
D:1:      eino_arrival_tree_alley
D:2:      nicolae_overflow_crystal_walls
D:4:      kennysheep_mini_moat, nicolae_ossuary_entry_giza, first_bread,
          uniq_crazy_yiuf_cottage
D:5:      nemelex_diamond_rough_becter
D:6:      minitemple, kennysheep_mini, solitary_fountain
D:8:      lemuel_doored_altar, kennysheep_little_box,
          chequers_temple_overflow_minitemple, cheibriados_altar_1, lair_0_dummy
D:9:      hangedman_pestilent_swarm, minmay_another_anthill
D:12:     orc_0_dummy
Temple:   minmay_temple_bridge_abc
Lair:1:   small_statue_intersection, uniq_harold
Lair:2:   mu_elephants_graveyard
Lair:3:   shoals_dummy_entry
Lair:4:   minmay_snake_entry_guardpost_small, grunt_megastairs_5,
          lemuel_fruit_fields, uniq_nessos, uniq_snorg
Lair:5:   dpeg_slime_entry_enclosed_altar, bobbens_dragon_lair_wall
Lair:6:   minmay_lair_end_enchanted_forest, nicolae_volcano_entry_s_turn,
          infiniplex_staircase_pool, grunt_megastairs_4
Ossuary:  ossuary_tomb_3
